 Dungeon Crawl Stone Soup version 0.20.0-7-g3b7b877 (webtiles) character file.

65 McKennaii the Skirmisher (level 3, -6/30 HPs)
             Began as a Demonspawn Abyssal Knight on May 29, 2017.
             Was a Follower of Lugonu.
             Mangled by Terence
             ... wielding a +2 trident of venom
              (10 damage)
             ... on level 2 of the Dungeon.
             The game lasted 00:03:38 (2591 turns).

McKennaii the Skirmisher (DsAK)                     Turns: 2591, Time: 00:03:38

Health: -6/30      AC:  3    Str: 12    XL:     3   Next: 92%
Magic:  4/4        EV: 11    Int: 13    God:    Lugonu [*.....]
Gold:   159        SH:  0    Dex: 13    Spells: 2/2 levels left

rFire    . . .     SeeInvis .   a - +1 hand axe
rCold    + . .     Gourm    +   (no shield)
rNeg     . . .     Faith    .   b - +0 leather armour
rPois    .         Spirit   .   (no helmet)
rElec    .         Reflect  .   (no cloak)
rCorr    .         Harm     .   (no gloves)
MR       .....                  (no boots)
Stlth    +.........             l - amulet of the gourmand
Regen    0.1/turn               (no ring)
MPRegen  0.1/turn               (no ring)

@: lethally poisoned (-6 -> -17)
A: cold resistance 1
a: Depart the Abyss, Renounce Religion


You were on level 2 of the Dungeon.
You worshipped Lugonu.
Lugonu was aware of your devotion.
You were not hungry.

You visited 1 branch of the dungeon, and saw 2 of its levels.
You visited the Abyss 1 time.

You collected 159 gold pieces.

Inventory:

Hand Weapons
 a - a +1 hand axe (weapon)
Armour
 b - a +0 leather armour (worn)
Jewellery
 l - an amulet of the gourmand (around neck)
Scrolls
 f - 3 scrolls of identify
 k - a scroll of immolation
Potions
 d - a potion of lignification
 e - a potion of degeneration {unknown}
Comestibles
 c - a bread ration
 g - a royal jelly


   Skills:
 + Level 3.9 Fighting
 + Level 2.6 Axes
 + Level 2.1 Armour
 + Level 1.0 Dodging
 + Level 0.2 Stealth
 + Level 2.5 Invocations


You had 2 spell levels left.
You didn't know any spells.

Dungeon Overview and Level Annotations

Branches:
Dungeon (2/15)

Altars:

Annotations:
D:2 Terence


Innate Abilities, Weirdness & Mutations

Your flesh is cold resistant. (rC+)


Message History

You hit Terence but do no damage.
Terence is lightly wounded.
Terence hits you with a trident of venom!
You are lethally poisoned!
You barely miss Terence.
Terence is lightly wounded.
You feel sick. Terence barely misses you.
You hit Terence but do no damage.
Terence is lightly wounded.
You feel sick. Terence barely misses you.
You hit Terence but do no damage.
Terence is lightly wounded.
You feel sick.
Terence hits you with a trident of venom.
* * * LOW HITPOINT WARNING * * *
Okay, then.
* * * LOW HITPOINT WARNING * * *
You feel sick.
Terence hits you from afar with a trident of venom!
You die...

.. ##+# .# #
##...## ###.#.#
##.....## #...#.#
##.......#
#....?###.........
#
#.......+.........
#.##..@..#
#.........
#........#
#.......#
####@#####
##.....## #.#
##...## #.## ##'##
#..# #.# ###.#####
#.# #.......#
##.#### #.#.###.#
##......
#.#.###.####.....##
# #.............##


You could see Terence.

Vanquished Creatures
  An adder (D:2)
  An ufetubus (Abyss:2)
  2 oozes (D:2)
  4 dart slugs
  A leopard gecko (D:2)
  2 goblins
  6 hobgoblins
  3 kobolds
  A quokka (D:2)
  5 bats
  4 frilled lizards
  5 rats
35 creatures vanquished.

Notes
Turn   | Place    | Note
-------+----------+-------------------------------------------
     0 | Abyss:1  | McKennaii the Demonspawn Abyssal Knight began the quest for the Orb.
     0 | Abyss:1  | Reached XP level 1. HP: 18/18 MP: 2/2
    49 | Abyss:1  | Noticed a large abomination
    79 | Abyss:1  | Noticed a ynoxinul
   160 | Abyss:2  | Noticed a small abomination
   163 | D:1      | Escaped the Abyss
   390 | D:1      | Gained mutation: Your flesh is cold resistant. (rC+) [demonic ancestry]
   390 | D:1      | Reached XP level 2. HP: 21/24 MP: 3/3
   415 | D:1      | Reached * piety under Lugonu
   500 | D:1      | Reached skill level 1 in Dodging
  1304 | D:2      | Reached XP level 3. HP: 29/29 MP: 4/4
  2581 | D:2      | Noticed Terence
  2591 | D:2      | Mangled by Terence

Skill      XL: |  1  2  3 |
---------------+----------+-----
Dodging        | 1 |  1.0
Axes           | 2 |  2.6
Armour         | 2 |  2.1
Fighting       | |  3.9
Stealth        | |  0.2
Invocations    | |  2.5

Action                   || total
-------------------------++-------
Melee: Hand axe          ||   137
Invok: Depart the Abyss  ||     1
  Use: Potion            ||     6
       Scroll            ||     2
 Stab: Sleeping          ||     1
       Distracted        ||     1
  Eat: Chunk             ||     9
Armor: Leather armour    ||    38
Dodge: Dodged            ||   113
